 Dungeon Crawl Stone Soup version 0.21-a0-450-gd87a9b2 (webtiles) character file.

1637 slep the Ducker (level 8, -6/68 HPs)
             Began as a Demonspawn Monk on Nov 19, 2017.
             Was a Believer of Okawaru.
             Killed by divine providence
             ... invoked by an orc priest
              (15 damage)
             ... on level 5 of the Dungeon.
             The game lasted 00:27:07 (4393 turns).

slep the Ducker (Demonspawn Monk)                   Turns: 4393, Time: 00:27:07

Health: -6/68      AC: 11    Str: 13    XL:     8   Next: 66%
Magic:  3/8        EV: 13    Int: 11    God:    Okawaru [**....]
Gold:   270        SH:  0    Dex: 17    Spells: 7/7 levels left

rFire    . . .     SeeInvis +   z - +2 short sword (speed)
rCold    + . .     Gourm    .   (no shield)
rNeg     . . .     Faith    .   o - +0 ring mail
rPois    .         Spirit   .   w - +0 helmet
rElec    .         Reflect  .   s - +0 cloak
rCorr    .         Harm     .   (no gloves)
MR       +....                  (no boots)
Stlth    ++........             f - amulet of inaccuracy (curse)
HPRegen  0.21/turn              D - ring of wizardry
MPRegen  0.11/turn              (no ring)

@: hasted, very quick
A: hooves 1, thin metallic scales 2, see invisible, cold resistance 1, magic
resistance 1, robust 1, spiny 1, subdued magic 1
a: Heroism, Renounce Religion


You were on level 5 of the Dungeon.
You worshipped Okawaru.
Okawaru was pleased with you.
You were not hungry.

You visited 2 branches of the dungeon, and saw 6 of its levels.
You also visited: Sewer.

You collected 270 gold pieces.

Inventory:

Hand Weapons
 a - a +0 falchion
 e - a +0 blowgun
 u - a +2 antimagic mace
 z - a +2 short sword of speed (weapon)
 J - a +4 rapier
Missiles
 l - 8 poisoned needles
 F - 4 tomahawks (quivered)
Armour
 b - a +0 robe
 o - a +0 ring mail (worn)
 s - a +0 cloak (worn)
 v - a +2 animal skin
 w - a +0 helmet (worn)
Jewellery
 f - a cursed amulet of inaccuracy (around neck)
 D - a ring of wizardry (left hand)
Wands
 d - a wand of polymorph (9/24)
 t - a wand of flame (26/48)
Scrolls
 g - 2 scrolls of immolation {unknown}
 h - 5 scrolls of remove curse {unknown}
 i - 2 scrolls of teleportation {unknown}
 k - 5 scrolls of enchant weapon {unknown}
 m - a scroll of magic mapping {unknown}
 p - a scroll of fear {unknown}
 q - 2 scrolls of amnesia {unknown}
 y - a scroll of random uselessness {unknown}
 C - a scroll of identify {unknown}
 E - a scroll of blinking {unknown}
 I - a scroll of vulnerability {unknown}
Potions
 j - a potion of agility
 x - a potion of haste
 H - a potion of flight {unknown}
Comestibles
 c - 3 bread rations
 n - 5 fruits
 r - 2 meat rations
 G - 3 chunks of flesh


   Skills:
 + Level 5.1 Fighting
 + Level 4.3 Long Blades
 + Level 4.8 Maces & Flails
 + Level 0.1 Throwing
 + Level 4.5 Armour
 + Level 5.2 Dodging
 + Level 3.2 Stealth
 + Level 0.1 Unarmed Combat


You had 7 spell levels left.
You didn't know any spells.

Dungeon Overview and Level Annotations

Branches:
Dungeon (5/15)             Temple (1/1) D:4

Altars:
Ashenzari
Cheibriados
Gozag
Hepliaklqana
Kikubaaqudgha
Makhleb
Nemelex Xobeh
Okawaru
Ru
Sif Muna
Trog
Uskayaw
Vehumet
Wu Jian
Yredelemnul


Innate Abilities, Weirdness & Mutations

You have large cloven feet.
You are mostly covered in thin metallic scales. (AC +3)
You are partially covered in sharp spines.
You have supernaturally acute eyesight. (SInv)
Your flesh is cold resistant. (rC+)
You are resistant to hostile enchantments. (MR+)
You are robust. (+10% HP)
Your spells are a little easier to cast, but a little less powerful.


Message History

You completely miss the orc. Your kick misses the orc.
The orc hits you but does no damage.
The orc priest mumbles some strange prayers to Beogh against you.
Pain shoots through your body!
* * * LOW HITPOINT WARNING * * *
You sock the orc!
You kill the orc!
Okawaru accepts your kill.
You miss the orc priest.
The orc priest is heavily wounded.
The orc priest mumbles some strange prayers to Beogh against you.
Pain shoots through your body!
* * * LOW HITPOINT WARNING * * *
You feel better.
Wield which item (- for none, * to show all)? (? for menu, Esc to quit)
You feel magic returning to you.
Your hands tingle!
z - a +2 short sword of speed (weapon)
The orc priest invokes the aid of Beogh against you.
Beogh smites you!
You die...

#.[# ######...................#
##.###................##......#
#.....#####..........##......#
#..##.# ####...##.........##
#..#.... ####..###.........#
#..(..##.###.....# #.........#
.............###.###..##.#####
......##.....###.........#
................@........#
...(..#........#.........#
....)..............#
...................#
.#....o##..........#
#.....##..).....#.#
#.....##........#.#
###.#..#.###...## #.##oo.# ##.#


You could see an orc priest.

Vanquished Creatures
  The ghost of Maxmaps the Poker, a novice DsNe of Cheibriados (D:5)
  Sigmund (D:3)
  Eustachio (D:4)
  Blork the orc (D:4)
  2 bullfrogs (Sewer)
  2 scorpions
  2 howler monkeys (D:4)
  A centaur zombie (D:5)
  An orc wizard (D:5)
  4 hounds
  An iguana (D:2)
  Ijyb (D:3)
  A hound skeleton (D:4)
  Robin (D:3)
  A howler monkey skeleton (D:4)
  14 adders
  5 oozes (Sewer)
  3 worms
  3 dart slugs
  7 leopard geckos
  8 orcs
  8 bats
  14 giant cockroaches
  9 goblins
  12 hobgoblins
  7 jackals
  2 quokkas
  15 ball pythons (Sewer)
  A ball python skeleton (D:4)
  15 frilled lizards
  A giant cockroach zombie (D:5)
  11 kobolds
  A quokka skeleton (D:4)
  8 rats
165 creatures vanquished.

Notes
Turn   | Place    | Note
-------+----------+-------------------------------------------
     0 | D:1      | slep the Demonspawn Monk began the quest for the Orb.
     0 | D:1      | Reached XP level 1. HP: 18/18 MP: 1/1
   226 | D:1      | Found a snail-covered altar of Cheibriados.
   231 | D:1      | Gained mutation: You are partially covered in thin metallic scales. (AC +2) [demonic ancestry]
   231 | D:1      | Reached XP level 2. HP: 9/24 MP: 2/2
   755 | D:2      | Reached XP level 3. HP: 28/29 MP: 3/3
   765 | D:2      | Found an ancient bone altar of Kikubaaqudgha.
  1055 | D:2      | HP: 1/29 [iguana (3)]
  1059 | D:2      | Reached skill level 1 in Armour
  1059 | D:2      | Gained mutation: You are partially covered in sharp spines. [demonic ancestry]
  1059 | D:2      | Reached XP level 4. HP: 2/35 MP: 4/4
  1776 | D:3      | Found an opulent altar of Gozag.
  1839 | D:3      | Noticed Robin
  1847 | D:3      | Gained mutation: You have supernaturally acute eyesight. (SInv) [potion of mutation]
  1847 | D:3      | Gained mutation: Your system is resistant to poisons. (rPois) [potion of mutation]
  1847 | D:3      | Gained mutation: You are covered in fur. (AC +1) [potion of mutation]
  1878 | D:3      | Killed Robin
  1914 | D:3      | Noticed Sigmund
  1961 | D:3      | Killed Sigmund
  1961 | D:3      | Reached XP level 5. HP: 22/42 MP: 1/5
  1961 | D:3      | Gained mutation: You are mostly covered in thin metallic scales. (AC +3) [demonic ancestry]
  1961 | D:3      | Reached XP level 6. HP: 25/48 MP: 2/6
  2150 | D:3      | Noticed Ijyb
  2172 | D:3      | Killed Ijyb
  2172 | D:3      | Reached skill level 1 in Maces & Flails
  2453 | D:3      | Lost mutation: Your system is resistant to poisons. (rPois) [potion of mutation]
  2453 | D:3      | Lost mutation: You are covered in fur. (AC +1) [potion of mutation]
  2453 | D:3      | Gained mutation: Your spells are a little easier to cast, but a little less powerful. [potion of mutation]
  2453 | D:3      | Gained mutation: You have large cloven feet. [potion of mutation]
  2453 | D:3      | Gained mutation: You are robust. (+10% HP) [potion of mutation]
  2453 | D:3      | Gained mutation: Your mind is acute. (Int +2) [potion of mutation]
  2454 | D:3      | Lost mutation: You are robust. (+10% HP) [potion of mutation]
  2454 | D:3      | Lost mutation: Your mind is acute. (Int +2) [potion of mutation]
  2454 | D:3      | Gained mutation: You are robust. (+10% HP) [potion of mutation]
  2454 | D:3      | Gained mutation: You are resistant to hostile enchantments. (MR+) [potion of mutation]
  2454 | D:3      | Gained mutation: Your flesh is cold resistant. (rC+) [potion of mutation]
  2650 | D:4      | Noticed Blork the orc
  2661 | D:4      | Killed Blork the orc
  2720 | D:4      | Found a glowing drain.
  2755 | Sewer    | Entered a sewer
  2792 | Sewer    | Reached XP level 7. HP: 51/59 MP: 2/7
  3199 | D:4      | Found a sparkling altar of Nemelex Xobeh.
  3210 | D:4      | Found a hide-covered altar of Uskayaw.
  3213 | D:4      | Found a bloodstained altar of Trog.
  3360 | D:4      | Found a staircase to the Ecumenical Temple.
  3366 | D:4      | Noticed Eustachio
  3372 | Temple   | Entered the Ecumenical Temple
  3395 | Temple   | Became a worshipper of Warmaster Okawaru
  3395 | Temple   | Reached * piety under Okawaru
  3395 | Temple   | Reached ** piety under Okawaru
  3421 | D:4      | Killed Eustachio
  3421 | D:4      | Mutation became permanent: You have large cloven feet. [demonic ancestry]
  3421 | D:4      | Gained mutation: You have large cloven feet. [demonic ancestry]
  3421 | D:4      | Reached XP level 8. HP: 52/67 MP: 2/8
  3757 | D:4      | Found a shattered altar of Ashenzari.
  3885 | D:5      | Entered Level 5 of the Dungeon
  3900 | D:5      | Noticed Maxmaps's ghost (novice DsNe)
  3945 | D:5      | HP: 2/67 [Maxmaps's ghost/nerve-wracking pain (9)]
  3949 | D:5      | Killed Maxmaps's ghost
  3949 | D:5      | Reached skill level 5 in Fighting
  3949 | D:5      | Reached skill level 5 in Dodging
  4383 | D:5      | HP: 1/68 [orc priest/nerve-wracking pain (12)]
  4393 | D:5      | Killed from afar by an orc priest

Vault maps used:
D:1:      zaba_arrival_water, serial_forest, infiniplex_forest_lined_2,
          infiniplex_forest_straight_3, infiniplex_forest_clump_long,
          infiniplex_forest_lined_2, infiniplex_forest_clump_tiny,
          cheibriados_altar_1
D:2:      lemuel_crystal_altar, nicolae_underground_beach
D:3:      grunt_ministairs_3, grunt_gozag_breadcrumbs, uniq_ijyb, uniq_robin,
          uniq_sigmund
D:4:      lemuel_coloured_pillars_altar, grunt_temple_overflow_diamond,
          minmay_temple_entry_butterflies, cheibrodos_sewer_entry_bend,
          uniq_eustachio, uniq_blork_the_orc
D:5:      grunt_temple_overflow_order_and_chaos_1, basic_altar, first_bread
Temple:   eino_temple_lava
Sewer:    sewer_frog_island_02

Skill      XL: |  1  2  3  4  5  6  7  8 |
---------------+-------------------------+-----
Long Blades    | 3 4 |  4.3
Dodging        | 3 4 5 |  5.2
Armour         | 1 2 3 4 |  4.5
Stealth        | 2 3 |  3.2
Maces & Flails | 1 3 4 |  4.8
Fighting       | 4 5 |  5.1
Throwing       | |  0.1
Unarmed Combat | |  0.1

Action                   |  1- 3 |  4- 6 |  7- 9 || total
-------------------------+-------+-------+-------++-------
Melee: Falchion          |   118 |    68 |       ||   186
       Mace              |       |   110 |   190 ||   300
       Unarmed           |       |    12 |       ||    12
       Kick              |       |     4 |    44 ||    48
       Punch             |       |       |     1 ||     1
 Fire: Blowgun           |       |     3 |       ||     3
Throw: Tomahawk          |       |       |     1 ||     1
  Use: Potion            |       |     6 |     3 ||     9
 Stab: Sleeping          |     1 |     5 |       ||     6
  Eat: Chunk             |       |     7 |     5 ||    12
Armor: Robe              |     7 |       |       ||     7
       Ring mail         |    37 |    50 |    82 ||   169
       Skin              |       |     1 |       ||     1
Dodge: Dodged            |    79 |    92 |   128 ||   299
       Rpst.: Falchion   |    23 |     7 |       ||    30

Table legend:
 A = Spawn XP
 B = Non-spawn XP
 C = Spawn XP percentage of total XP
 D = Spawn monster count
 E = Non-spawn monster count
 F = Spawn count percentage of total count
 G = Total turns spent on level
                    A         B        C        D         E        F      G
               +---------+---------+-------+---------+---------+-------+---------
         Total |       0 |    2339 |   0.0 |       0 |     165 |   0.0 |  4393
               +---------+---------+-------+---------+---------+-------+---------
           D:1 |       0 |      19 |   0.0 |       0 |      12 |   0.0 |   419
           D:2 |       0 |     120 |   0.0 |       0 |      28 |   0.0 |  1324
           D:3 |       0 |     421 |   0.0 |       0 |      40 |   0.0 |   866
           D:4 |       0 |     660 |   0.0 |       0 |      19 |   0.0 |   883
           D:5 |       0 |     750 |   0.0 |       0 |      16 |   0.0 |   508
        Temple |       0 |      43 |   0.0 |       0 |       1 |   0.0 |    34
         Sewer |       0 |     326 |   0.0 |       0 |      49 |   0.0 |   359
               +---------+---------+-------+---------+---------+-------+---------
